 Dungeon Crawl Stone Soup version 0.26-a0-1133-ge73896b (webtiles) character file.

Game seed: 349550108430344469

4073 MatthieuS the Carver (level 10, -6/69 (71) HPs)
             Began as a Halfling Fighter on Mar 2, 2020.
             Was a Priest of the Shining One.
             Killed by divine providence
             ... invoked by an orc priest
              (16 damage)
             ... on level 10 of the Dungeon on Dec 20, 2020.
             The game lasted 00:24:37 (9179 turns).

MatthieuS the Carver (Halfling Fighter)             Turns: 9179, Time: 00:24:38

HP:   -6/69 (71)    AC: 13    Str: 18    XL:     10   Next: 49%
MP:   10/10         EV:  9    Int:  6    God:    the Shining One [***...]
Gold: 619           SH: 12    Dex: 17    Spells: 9/9 levels left

rFire    + . .     SeeInvis .   E - +2 dagger (venom)
rCold    . . .     Faith    .   c - +0 kite shield
rNeg     + . .     Spirit   .   b - +0 scale mail
rPois    .         Reflect  .   x - +1 helmet
rElec    .         Harm     .   B - +2 cloak
rCorr    .         Rampage  .   (no gloves)
Will     .....                  G - +0 pair of boots
Stlth    ..........             (no amulet)
HPRegen  0.21/turn              i - +4 ring of slaying
MPRegen  0.12/turn              f - ring of protection from fire

@: hasted, glowing, lightly drained, very quick
A: small, mutation resistance 1
a: Renounce Religion, Divine Shield


You were on level 10 of the Dungeon.
You worshipped the Shining One.
The Shining One was most pleased with you.
You visited 1 branch of the dungeon, and saw 10 of its levels.

You collected 619 gold pieces.

Inventory:

Hand Weapons
 q - a +2 dagger of holy wrath
   (You took it off an orc wizard on level 9 of the Dungeon)
 C - a +1 scimitar
   (You took it off a wight on level 7 of the Dungeon)
 E - a +2 dagger of venom (weapon)
   (You took it off a kobold on level 2 of the Dungeon)
Missiles
 s - 265 stones
 y - 30 sling bullets
 D - 8 poisoned darts (quivered)
Armour
 b - a +0 scale mail (worn)
 c - a +0 kite shield (worn)
 x - a +1 helmet (worn)
   (You found it on level 4 of the Dungeon)
 B - a +2 cloak (worn)
   (You found it on level 9 of the Dungeon)
 G - a +0 pair of boots (worn)
   (You found it on level 9 of the Dungeon)
Jewellery
 f - a ring of protection from fire (right hand)
   (You found it on level 5 of the Dungeon)
 i - a +4 ring of slaying (left hand)
   (You found it on level 5 of the Dungeon)
 z - a +4 ring of strength
   (You found it on level 4 of the Dungeon)
Wands
 d - a wand of iceblast (2)
   (You found it on level 8 of the Dungeon)
 t - a wand of flame (11)
   (You took it off an orc on level 9 of the Dungeon)
 u - a wand of paralysis (5)
   (You found it on level 6 of the Dungeon)
 v - a wand of digging (4)
   (You found it on level 5 of the Dungeon)
Scrolls
 g - 8 scrolls of remove curse {@r2}
 h - 4 scrolls of identify {@r1}
 k - a scroll of amnesia
 m - 5 scrolls of teleportation {@r4}
 r - 4 scrolls of magic mapping
Potions
 a - 2 potions of might
 j - 2 potions of haste {@q3}
 l - 2 potions of magic
 n - a potion of attraction {unknown}
 o - 2 potions of mutation {!q}
 w - a potion of resistance
 F - 2 potions of flight
Comestibles
 e - 4 removed foods


   Skills:
 + Level 7.2 Fighting
 * Level 10.4 Long Blades
 - Level 3.2 Armour
 + Level 8.6 Shields


You had 9 spell levels left.
You didn't know any spells.
Your spell library contained the following spells:

 Spells                   Type           Power        Failure   Level
 Corona                   Hex            0%           99%         1
 Ensorcelled Hibernation  Hex/Ice        0%           100%        2
 Confusing Touch          Hex            0%           100%        3
 Dazzling Flash           Conj/Hex       0%           100%        3
 Inner Flame              Hex/Fire       0%           100%        3
 Mephitic Cloud           Conj/Pois/Air  0%           100%        3
 Tukima's Dance           Hex            0%           100%        3
 Ignition                 Fire           0%           100%        8


Dungeon Overview and Level Annotations

Branches:
Dungeon (10/15)            Temple (0/1) D:7             Orc (0/2) D:9
   Lair: D:8-11

Altars:
Cheibriados
Dithmenos
Kikubaaqudgha
Nemelex Xobeh
Okawaru
Sif Muna
Trog
Uskayaw
Vehumet
Yredelemnul
Zin
The Shining One

Annotations:
D:6 2 transporters, Menkaure
D:7 4 runed translucent doors
D:10 exclusion: obsidian statue


Innate Abilities, Weirdness & Mutations

You are small and have problems with some larger weapons.
You are somewhat resistant to further mutation.


Message History

* * * LOW HITPOINT WARNING * * *
The vampire mosquito draws strength from your injuries!
The vampire mosquito bites you but does no damage.
The vampire mosquito completely misses you.
A sky beast appears from thin air!
Reactivating autopickup.
The vampire mosquito bites you.
* * * LOW HITPOINT WARNING * * *
You block the vampire mosquito's attack.
The vampire mosquito bites you.
* * * LOW HITPOINT WARNING * * *
The vampire mosquito draws strength from your injuries!
The vampire mosquito bites you but does no damage.
The vampire mosquito barely misses you.
Unknown command.
The vampire mosquito barely misses you.
Your surroundings seem slightly different.
As you read the scroll of teleportation {@r4}, it crumbles to dust.
You feel strangely unstable. 2 jackals come into view.
A jackal and 2 yaks come into view.
The jackal barks!
The yak bellows! x2; You hear a bellow!
You hear a shout! x2
A yak and an orc priest come into view.
The orc priest shouts!
The yak bellows!
You hear a shout! x2
You hear a bellow!
You hear an angry growl.
You hear a shout!
The jackal barely misses you.
A yak comes into view.
An orc wizard comes into view. It is wielding a +0 dagger.
An orc comes into view. It is wielding a +0 hand axe.
You block the jackal's attack.
The orc wizard shouts!
The jackal bites you but does no damage.
The orc wizard looks braver for a moment.
A yak comes into view.
You block the jackal's attack.
Unknown command.
A yak and an orc wizard come into view.
The orc wizard shouts!
The yak bellows!
You block the jackal's attack.
An orc comes into view. It is wielding a +0 mace.
Okay, then.
As you read the scroll of summoning, it crumbles to dust.
Wisps of shadow whirl around you...
Your surroundings seem slightly different.
A black bear comes into view.
The black bear growls angrily.
Something completely misses your two-headed ogre.
The orc priest mumbles some strange prayers to Beogh against you.
Beogh smites you!
You die...

#o..o ##.o.Yo.......
##YYY..........
##sg..Y...h.....
##§h.............
##hh.g............
##.yO.g............
##..y...............
##...........@.......
#....yy.......#......
#............## .!.##
#.............#. ..#
#................ .#
#................. ..
#.................. .
#...................
#...................


You could see 5 yaks, a black bear, a vampire mosquito, an orc priest, an orc
wizard, 2 jackals, a friendly two-headed ogre (summoned), a friendly scorpion
(summoned) and 3 friendly gnolls.

Vanquished Creatures
  A hornet (D:8)
  A water moccasin (D:6)
  3 ice beasts
  A sky beast (D:8)
  2 black bears
  9 orc warriors
  2 ogres
  An eye of draining (D:9)
  2 centaurs
  A big kobold (D:8)
  2 bullfrogs
  2 scorpions
  3 wights (D:7)
  An electric eel (D:9)
  A howler monkey (D:8)
  A crimson imp (D:4)
  A quasit (D:10)
  2 bullfrog zombies
  4 jellies
  5 orc priests (D:9)
  3 hounds
  2 centaur skeletons
  Terence (D:2)
  4 iguanas
  11 worker ants
  Natasha (thrice) (D:2)
  6 orc wizards
  A hound zombie (D:8)
  A hound skeleton (D:9)
  A worker ant zombie (D:7)
  8 adders
  2 white imps
  4 ufetubi
  An ooze (D:1)
  A worm (D:2)
  2 dart slugs (D:1)
  7 leopard geckos
  33 orcs
  8 bats
  5 giant cockroaches
  8 goblins
  12 hobgoblins
  4 jackals (D:7)
  3 quokkas
  3 ball pythons
  4 frilled lizards
  2 goblin skeletons (D:4)
  6 hobgoblin zombies (D:4)
  15 kobolds
  A kobold zombie (D:4)
  3 orc zombies (D:4)
  A quokka skeleton (D:8)
  9 rats
220 creatures vanquished.

Vanquished Creatures (others)
  An orc (D:9)
1 creature vanquished.

Grand Total: 221 creatures vanquished

Notes
Turn   | Place    | Note
-------+----------+-------------------------------------------
     0 | D:1      | MatthieuS the Halfling Fighter began the quest for the Orb.
     0 | D:1      | Reached XP level 1. HP: 15/15 MP: 1/1
   126 | D:1      | Reached XP level 2. HP: 20/20 MP: 2/2
   489 | D:1      | Reached XP level 3. HP: 25/25 MP: 3/3
   918 | D:2      | Reached skill level 3 in Long Blades
   935 | D:2      | Found a faded altar of an unknown god.
  1197 | D:2      | Reached XP level 4. HP: 29/31 MP: 4/4
  1239 | D:2      | Noticed Natasha
  1244 | D:2      | Killed Natasha
  1466 | D:2      | Noticed Terence
  1479 | D:2      | Killed Terence
  1479 | D:2      | Reached XP level 5. HP: 24/36 MP: 5/5
  1777 | D:2      | Noticed Natasha
  1786 | D:2      | Killed Natasha
  1786 | D:2      | Reached skill level 4 in Long Blades
  1802 | D:2      | Noticed Natasha
  1813 | D:2      | Killed Natasha
  2117 | D:3      | Found a bloodstained altar of Trog.
  2160 | D:3      | Reached XP level 6. HP: 42/42 MP: 6/6
  2447 | D:3      | Found a glowing silver altar of Zin.
  2873 | D:4      | Found a glowing golden altar of the Shining One.
  2921 | D:4      | Upgraded the game from 0.25-a0-577-ga4619f4 to
                  | 0.26-a0-1133-ge73896b
  2959 | D:4      | Became a worshipper of the Shining One
  2972 | D:4      | Found a hide-covered altar of Uskayaw.
  3073 | D:4      | Noticed an ogre
  3105 | D:4      | Killed an ogre
  3106 | D:4      | Reached skill level 5 in Long Blades
  3359 | D:4      | Reached XP level 7. HP: 45/48 MP: 7/7
  3628 | D:5      | Entered Level 5 of the Dungeon
  3638 | D:5      | Identified Bekloq's Incunabulum of the Cloudy Blaze
  4317 | D:5      | Reached skill level 5 in Shields
  4780 | D:6      | Found a transporter.
  4780 | D:6      | Found an ancient bone altar of Kikubaaqudgha.
  4780 | D:6      | Found a basalt altar of Yredelemnul.
  4781 | D:6      | Noticed Menkaure
  4781 | D:6      | Noticed a wraith
  4782 | D:6      | Noticed a wraith
  4808 | D:6      | Reached skill level 6 in Long Blades
  4913 | D:6      | Noticed a water moccasin
  4921 | D:6      | Killed a water moccasin
  4922 | D:6      | Reached XP level 8. HP: 44/54 MP: 8/8
  5112 | D:6      | Found a transporter.
  5113 | D:6      | Got a heavily runed chain mail
  5185 | D:6      | Identified the +6 chain mail of Proximity {+Fly Int-4
                  | Dex+10} (You found it on level 6 of the Dungeon)
  5271 | D:6      | Found a shimmering blue altar of Sif Muna.
  5392 | D:7      | Found a huge runed translucent gate.
  5392 | D:7      | Found a huge runed translucent gate.
  5392 | D:7      | Found a huge runed translucent gate.
  5392 | D:7      | Found a huge runed translucent gate.
  5392 | D:7      | Noticed a polar bear
  5392 | D:7      | Reached * piety under the Shining One
  5392 | D:7      | Noticed a polar bear
  5392 | D:7      | Noticed a manticore
  5392 | D:7      | Noticed a wyvern
  5392 | D:7      | Noticed a wyvern
  5392 | D:7      | Noticed a yak
  5481 | D:7      | Noticed a dream sheep
  5481 | D:7      | Noticed a manticore
  5481 | D:7      | Noticed a yak
  5482 | D:7      | Noticed a hog
  5488 | D:7      | Found a shadowy altar of Dithmenos.
  5557 | D:7      | Reached skill level 5 in Fighting
  5674 | D:7      | Found a staircase to the Ecumenical Temple.
  5750 | D:7      | Reached skill level 7 in Long Blades
  5792 | D:7      | Reached XP level 9. HP: 45/61 MP: 9/9
  6049 | D:7      | Reached skill level 8 in Long Blades
  6232 | D:7      | Found a snail-covered altar of Cheibriados.
  6499 | D:8      | Found an iron altar of Okawaru.
  6506 | D:8      | Reached ** piety under the Shining One
  6657 | D:8      | Noticed a hornet
  6664 | D:8      | Killed a hornet
  6806 | D:8      | Found a sparkling altar of Nemelex Xobeh.
  6876 | D:8      | Reached skill level 9 in Long Blades
  7330 | D:9      | Found a radiant altar of Vehumet.
  7597 | D:9      | Reached XP level 10. HP: 69/69 MP: 10/10
  8235 | D:9      | Reached skill level 10 in Long Blades
  8566 | D:9      | Reached *** piety under the Shining One
  8608 | D:9      | Found a staircase to the Orcish Mines.
  9097 | D:10     | Entered Level 10 of the Dungeon
  9132 | D:10     | Noticed an obsidian statue
  9141 | D:10     | Noticed a soul eater
  9155 | D:10     | HP: 3/69 [vampire mosquito (8)]
  9179 | D:10     | Killed from afar by an orc priest

Illustrated notes

Levels and vault maps discovered:
D:1:      minmay_arrival_four_houses, layout_basic, minmay_heptomino_d4
D:2:      layout_basic, chequers_ecumenical_altar_grove, uniq_natasha,
          uniq_terence
D:3:      layout_loops_ring, bloody_trog, nicolae_overflow_crystal_walls
D:4:      layout_gridville, eat_drink_and_be_merry_uskayaw,
          nicolae_tso_besieged_by_evil
D:5:      layout_rooms, zaba_anthole
D:6:      layout_rooms, gammafunk_temple_of_torment, lemuel_blue_sif_altar,
          nrook_pool_corridor
D:7:      lemuel_bear_cage, layout_basic, nicolae_dithmenos_shadow_blocks,
          overflow_temple_1_default, minmay_temple_entry_waves
D:8:      layout_gridville, nemelex_xobeh_ov_fountains_minmay,
          kennysheep_okawaru_gauntlet
D:9:      layout_loops_corners, kennysheep_mini, erik_orc_2, nrook_loot_triangle
D:10:     layout_big_octagon, hangedman_abyss_or_decor_clamps,
          chequers_hall_statues_wall_a, minivault_16,
          minmay_misc_feat_four_crosses, hangedman_stone_soup

Skill      XL: |  1  2  3  4  5  6  7  8  9 10 |
---------------+-------------------------------+-----
Fighting       | 3 4 5 6 7 |  7.2
Long Blades    | 3 4 5 6 7 9 10 | 10.4
Shields        | 4 5 6 7 8 |  8.6
Armour         | |  3.2

Action                   |  1- 3 |  4- 6 |  7- 9 | 10-12 || total
-------------------------+-------+-------+-------+-------++-------
Melee: Long sword        |   124 |    29 |       |       ||   153
       Dagger            |       |   178 |   367 |   140 ||   685
Evoke: Wand              |       |       |     3 |    10 ||    13
  Use: Potion            |       |     1 |     9 |     4 ||    14
       Scroll            |       |     4 |    19 |     3 ||    26
  Eat: Removed food      |     1 |     5 |       |       ||     6
Armor: Scale mail        |    60 |    56 |    86 |    36 ||   238
Dodge: Dodged            |    44 |    61 |   117 |    38 ||   260
Block: Kite shield       |    63 |    98 |   187 |    87 ||   435
       Rpst.: Long sword |     7 |     4 |       |       ||    11

Table legend: (Time is in decaauts)
 A = Elapsed time spent in this place.
 B = Non-inter-level travel time spent in this place.
 C = Inter-level travel time spent in this place.
 D = Time resting spent in this place.
 E = Time spent auto-exploring this place.
 F = Levels seen in this place.
 G = Mean time per level.
                   A        B        C        D        E       F      G
               +--------+--------+--------+--------+--------+-----+--------+
         Total |   9123 |   8870 |    253 |   2399 |   4473 |  10 |  912.3 |
       Dungeon |   9123 |   8870 |    253 |   2399 |   4473 |  10 |  912.3 |
               +--------+--------+--------+--------+--------+-----+--------+

Top non-repeatable levels by time:
     D:9: 1765 daAuts
     D:7: 1078 daAuts
     D:5: 1014 daAuts
     D:8: 781 daAuts
     D:6: 742 daAuts
     D:4: 703 daAuts
    D:10: 67 daAuts
Note: time per level data comes from an upgraded game and may be incomplete.
